 Dungeon Crawl Stone Soup version 0.22-a0-443-g17c3723 (webtiles) character file.

34187 Firecrotchwizard the Impaler (level 13, -3/127 HPs)
             Began as a Minotaur Berserker on May 31, 2018.
             Was the Champion of Trog.
             Slain by an entropy weaver (12 damage)
             ... on level 4 of the Lair of Beasts.
             The game lasted 00:28:54 (16934 turns).

Firecrotchwizard the Impaler (Minotaur Berserker)  Turns: 16934, Time: 00:28:55

Health: -3/127     AC:  0    Str: 23    XL:     13   Next: 40%
Magic:  12/12      EV: 14    Int:  4    God:    Trog [******]
Gold:   1061       SH:  0    Dex: 14    Spells: 12/12 levels left

rFire    . . .     SeeInvis .   J - +0 glaive
rCold    + . .     Gourm    .   (shield currently unavailable)
rNeg     . . .     Faith    .   f - +1 chain mail {rC+}
rPois    +         Spirit   .   (helmet restricted)
rElec    .         Reflect  .   y - +0 cloak (curse)
rCorr    .         Harm     .   w - +2 pair of gloves
MR       .....                  A - +1 pair of boots
Stlth    ..........             (no amulet)
HPRegen  0.31/turn              e - +4 ring of protection
MPRegen  0.13/turn              u - ring of poison resistance {rPois, !d}

@: corroded, studying Fighting
A: retaliatory headbutt, horns 2
a: Berserk, Trog's Hand, Brothers in Arms, Renounce Religion


You were on level 4 of the Lair of Beasts.
You worshipped Trog.
Trog was exalted by your worship.
You were not hungry.

You visited 2 branches of the dungeon, and saw 15 of its levels.
You also visited: Bailey and Volcano.

You collected 1226 gold pieces.
You spent 165 gold pieces at shops.

Inventory:

Hand Weapons
 a - a +2 antimagic bardiche
   (Trog gifted it to you in a bailey)
 I - a +3 trident
   (You took it off an orc in a bailey)
 J - a +0 glaive (weapon)
   (You took it off an orc warrior in a bailey)
 U - a +2 antimagic halberd
   (Trog gifted it to you on level 3 of the Lair of Beasts)
Missiles
 S - 8 curare-tipped needles
Armour
 f - a +1 chain mail of cold resistance (worn)
   (You bought it in a shop on level 8 of the Dungeon)
 j - a scarf of resistance
   (You found it on level 3 of the Lair of Beasts)
 w - a +2 pair of gloves (worn)
   (You found it on level 5 of the Dungeon)
 y - a cursed +0 cloak (worn)
   (You found it on level 10 of the Dungeon)
 A - a +1 pair of boots (worn)
   (You found it on level 8 of the Dungeon)
Jewellery
 e - a +4 ring of protection (left hand)
   (You found it on level 10 of the Dungeon)
 h - an uncursed ring of fire {rF+, rC-}
   (You found it on level 1 of the Dungeon)
 o - an uncursed ring of see invisible {sInv, !d}
   (You found it on level 3 of the Dungeon)
 r - an uncursed ring of flight {+Fly, !d}
   (You found it on level 6 of the Dungeon)
 u - a ring of poison resistance (right hand) {rPois, !d}
   (You found it on level 6 of the Dungeon)
Wands
 F - a wand of clouds (3)
   (You found it on level 10 of the Dungeon)
 L - a wand of iceblast (11)
   (You found it on level 1 of the Lair of Beasts)
 O - a wand of digging (25)
   (You found it on level 1 of the Lair of Beasts)
 T - a wand of disintegration (10) {@e1}
   (You found it on level 3 of the Lair of Beasts)
Scrolls
 b - a scroll of fear
 d - 2 scrolls of blinking {!r}
 i - 10 scrolls of remove curse
 l - 9 scrolls of identify
 q - 9 scrolls of teleportation
 D - a scroll of magic mapping {!r}
Potions
 g - 2 potions of magic
 k - 6 potions of curing
 m - 2 potions of berserk rage {!q}
 n - 2 potions of heal wounds
 s - a potion of experience {unknown}
 v - 3 potions of lignification {!q}
 x - 2 potions of haste {unknown}
 C - a potion of cancellation {unknown}
 E - 2 potions of flight {unknown}
 G - a potion of agility {unknown}
 H - a potion of mutation {unknown}
 M - a potion of invisibility {unknown}
 N - a potion of might {unknown}
 P - a potion of brilliance {unknown}
 Q - 3 potions of resistance {unknown}
Books
 t - a manual of Fighting {!d}
   (You found it in a bailey)
Miscellaneous
 K - a box of beasts
Comestibles
 c - 28 rations {@e1}


   Skills:
 + Level 15.2 Fighting
 * Level 17.6 Polearms
 + Level 11.4 Armour
 + Level 10.5 Dodging


You had 12 spell levels left.
You didn't know any spells.
Your spell library was empty.

Dungeon Overview and Level Annotations

Branches:
Dungeon (11/15)            Temple (0/1) D:4            Lair (4/6) D:11
  Swamp (0/4) Lair:3       Spider (0/4) Lair:3          Orc (0/2) D:9

Altars:
Ashenzari
Dithmenos
Fedhas
Gozag
Kikubaaqudgha
Makhleb
Okawaru
Qazlal
Ru
Sif Muna
Yredelemnul

Shops:
D:5 %   D:8 *   D:10 [


Innate Abilities, Weirdness & Mutations

You reflexively headbutt those who attack you in melee.
You have a pair of horns on your head.


Message History

Trog accepts your kill. The soldier ant stings you.
You take 2 damage, and have 90/127 hp.
You closely miss the worker ant. The worker ant barely misses you.
You hit the worker ant but do no damage.
The worker ant barely misses you. You furiously retaliate!
You headbutt the worker ant, but do no damage.
The worker ant misses you. You furiously retaliate!
You headbutt the worker ant, but do no damage.
The soldier ant barely misses you. You furiously retaliate!
You headbutt the soldier ant, but do no damage.
A soldier ant comes into view.
You closely miss the worker ant.
The soldier ant twitches its antennae in your direction.
The worker ant bites you. The worker ant closely misses you.
The soldier ant misses you. You furiously retaliate!
You headbutt the soldier ant.
You take 4 damage, and have 87/127 hp.
You barely miss the entropy weaver. The worker ant closely misses you.
The entropy weaver hits you! The entropy weaver hits you. x2
The entropy weaver hits you! The worker ant barely misses you.
You furiously retaliate!
You headbutt the worker ant, but do no damage.
The soldier ant stings you.
You take 27 damage, and have 60/127 hp.
MASSIVE DAMAGE!!
As you read the scroll of teleportation, it crumbles to dust.
You feel strangely unstable.
You hit the soldier ant.
The soldier ant stings you but does no damage.
You closely miss the soldier ant. Your headbutt misses the soldier ant.
You hit the soldier ant.
Your surroundings suddenly seem different.
You start resting.
The entropy weaver is too close now for your liking.
You regained 7 hp, and now have 72/127 hp.
The entropy weaver twitches its antennae in your direction.
Attack whom?
Aim: an entropy weaver You reach to attack!
You hit the entropy weaver but do no damage.
The entropy weaver gestures wildly while chanting.
The entropic weave corrodes you!
Attack whom?
Aim: an entropy weaver You reach to attack!
You barely miss the entropy weaver.
All of the chunks of flesh in your inventory have rotted away.
Attack whom?
Aim: an entropy weaver Your chain mail prevents you from hitting the entropy weaver.
The entropy weaver hits you. The entropy weaver misses you.
The entropy weaver hits you but does no damage.
The entropy weaver hits you.
You take 10 damage, and have 63/127 hp.
Attack whom?
Aim: an entropy weaver You hit the entropy weaver but do no damage.
The entropy weaver hits you! x3
* * * LOW HITPOINT WARNING * * *
The entropy weaver hits you!
* * * LOW HITPOINT WARNING * * *
You take 37 damage, and have 26/127 hp.
MASSIVE DAMAGE!!
Aim: an entropy weaver You create a blast of noxious fumes!
The entropy weaver is engulfed in noxious fumes.
The entropy weaver barely misses you. The entropy weaver hits you!
* * * LOW HITPOINT WARNING * * *
The entropy weaver hits you.
* * * LOW HITPOINT WARNING * * *
The entropy weaver hits you.
* * * LOW HITPOINT WARNING * * *
You take 14 damage, and have 12/127 hp.
You feel much better.
The entropy weaver is engulfed in noxious fumes.
The entropy weaver appears confused.
You regained 13 hp, and now have 25/127 hp.
You hit the entropy weaver but do no damage.
The entropy weaver mumbles something.
Attack whom?
Aim: an entropy weaver (confused)
You reach to attack!
You hit the entropy weaver but do no damage.
Attack whom?
Okay, then.
You slice the entropy weaver!!
Your headbutt misses the entropy weaver.
The entropy weaver seems less confused.
The entropy weaver casts a spell.
The entropic weave corrodes you!
You barely miss the entropy weaver. The entropy weaver barely misses you.
The entropy weaver hits you.
* * * LOW HITPOINT WARNING * * *
The entropy weaver hits you!
* * * LOW HITPOINT WARNING * * *
The entropy weaver barely misses you.
You take 17 damage, and have 9/127 hp.
You hit the entropy weaver but do no damage.
The entropy weaver hits you!
You die...

#............#...P# ..###..
#.............# ..#....##
##.......##†.## #......P#
#..#..P.###..# ##........##
#..##...##..## #.>......<.# ##.
#...#P...# #..........#
###.P#.......## ####..........#
##..........#####.#......###.P#
.#.............#@a.........#.P#
#.####...##.....§..#..#.......#
##..#.#.).§§§..(#.....#..#
#..#####.§§§.....÷..##.##
#..#.P##§§§§§........#.P
.#.#..............##...P..
.#.........P.......# ...... . #
..#.............## ##..... ..
......PP.......## #....


You could see an entropy weaver.

Vanquished Creatures
  An entropy weaver (Lair:4)
  4 hydras
  5 death yaks (Lair:2)
  A queen ant (Lair:4)
  Sonja (Lair:3)
  2 skeletal warriors (Volcano)
  An anaconda skeleton (Volcano)
  A cyclops (D:11)
  A centaur zombie (D:11)
  A black mamba (Lair:2)
  3 gargoyles (Volcano)
  A torpor snail (Lair:2)
  8 spiny frogs
  A komodo dragon (Lair:3)
  A troll (D:9)
  3 jumping spiders (Lair:3)
  A polar bear (Lair:4)
  7 hippogriffs
  5 blink frogs (Lair:3)
  5 dream sheep
  An alligator skeleton (Volcano)
  A shadow (D:11)
  3 flying skulls (Volcano)
  4 redbacks (Lair:3)
  A wraith (D:11)
  A vampire (D:11)
  14 yaks
  3 basilisks
  2 wyverns
  2 hungry ghosts (D:11)
  6 soldier ants (Lair:4)
  4 water moccasins
  3 porcupines
  A phantom (D:8)
  3 black bears
  13 orc warriors
  An eye of draining (D:8)
  6 ice beasts
  3 necrophages
  9 wolves
  9 ogres
  11 centaurs
  5 crocodiles
  8 bullfrogs
  8 big kobolds
  2 scorpions
  5 killer bees (D:11)
  5 wights (D:11)
  A troll skeleton (Volcano)
  2 spriggan skeletons (Volcano)
  3 howler monkeys (D:7)
  4 crimson imps
  4 quasits
  A bullfrog zombie (D:8)
  4 hounds
  3 jellies
  5 orc priests
  12 orc wizards
  3 bullfrog skeletons
  3 centaur skeletons
  4 iguanas
  33 worker ants
  A hound zombie (D:5)
  A worker ant zombie (D:5)
  7 gnolls
  12 adders
  2 howler monkey skeletons
  A shadow imp (D:9)
  2 oozes
  An adder zombie (D:9)
  3 adder skeletons
  3 worms
  13 dart slugs
  8 leopard geckos
  67 orcs
  A ball python (D:3)
  3 bats
  6 giant cockroaches
  13 goblins
  4 hobgoblins
  2 jackals (D:4)
  5 quokkas
  A ball python skeleton (D:4)
  2 frilled lizards
  A jackal skeleton (D:5)
  22 kobolds
  A quokka skeleton (D:9)
  8 rats
459 creatures vanquished.

Vanquished Creatures (collateral kills)
  A komodo dragon (Lair:3)
  A jumping spider (Lair:3)
  3 yaks (Lair:3)
5 creatures vanquished.

Vanquished Creatures (others)
  A human (D:2)
  5 fungi (Lair:3)
6 creatures vanquished.

Grand Total: 470 creatures vanquished

Notes
Turn   | Place    | Note
-------+----------+-------------------------------------------
     0 | D:1      | Firecrotchwizard the Minotaur Berserker began the quest for the Orb.
     0 | D:1      | Reached XP level 1. HP: 19/19 MP: 0/0
   322 | D:1      | Reached XP level 2. HP: 17/27 MP: 1/1
   325 | D:1      | Reached skill level 4 in Polearms
   590 | D:1      | Reached skill level 4 in Fighting
  1049 | D:2      | Reached XP level 3. HP: 31/33 MP: 2/2
  1066 | D:2      | Found an ancient bone altar of Kikubaaqudgha.
  1078 | D:2      | Noticed a human
  1080 | D:2      | Killed a human
  1140 | D:2      | Reached skill level 5 in Polearms
  1142 | D:2      | Reached XP level 4. HP: 15/41 MP: 3/3
  1395 | D:2      | Found a basalt altar of Yredelemnul.
  2240 | D:3      | Found an iron altar of Okawaru.
  2249 | D:3      | Reached ** piety under Trog
  2268 | D:3      | Reached XP level 5. HP: 20/47 MP: 4/4
  2492 | D:3      | Reached skill level 6 in Polearms
  2582 | D:3      | Reached skill level 5 in Fighting
  3575 | D:4      | Noticed an ogre
  3580 | D:4      | Killed an ogre
  3580 | D:4      | Reached skill level 7 in Polearms
  3580 | D:4      | Reached XP level 6. HP: 54/56 MP: 5/5
  3587 | D:4      | Found a staircase to the Ecumenical Temple.
  3875 | D:4      | Found a blossoming altar of Fedhas.
  3875 | D:4      | Found a burning altar of Makhleb.
  3881 | D:4      | Found a shadowy altar of Dithmenos.
  3881 | D:4      | Found an opulent altar of Gozag.
  3881 | D:4      | Found a shattered altar of Ashenzari.
  3886 | D:4      | Found a stormy altar of Qazlal.
  4394 | D:5      | Entered Level 5 of the Dungeon
  4417 | D:5      | Found Rizucwak's Food Emporium.
  4428 | D:5      | Reached skill level 6 in Fighting
  4618 | D:5      | Reached skill level 8 in Polearms
  4618 | D:5      | Reached XP level 7. HP: 64/64 MP: 6/6
  5187 | D:6      | Got a slimy hand axe
  5199 | D:6      | Reached skill level 7 in Fighting
  5199 | D:6      | Reached skill level 9 in Polearms
  5203 | D:6      | Reached *** piety under Trog
  5230 | D:6      | Reached XP level 8. HP: 48/73 MP: 7/7
  5469 | D:6      | Reached skill level 10 in Polearms
  5548 | D:6      | Reached skill level 8 in Fighting
  5733 | D:6      | Found a sacrificial altar of Ru.
  5982 | D:7      | Reached skill level 11 in Polearms
  6209 | D:7      | Reached skill level 3 in Armour
  6277 | D:7      | Reached **** piety under Trog
  6314 | D:7      | Reached skill level 3 in Dodging
  6577 | D:7      | Reached XP level 9. HP: 81/82 MP: 8/8
  6904 | D:7      | Reached skill level 4 in Armour
  7064 | D:7      | HP: 19/82 [hippogriff (2)]
  7074 | D:7      | Reached skill level 9 in Fighting
  7074 | D:7      | Reached skill level 4 in Dodging
  7358 | D:8      | Reached skill level 12 in Polearms
  7664 | D:8      | Reached skill level 5 in Armour
  8021 | D:8      | Found Ohenog's Assorted Antiques.
  8024 | D:8      | Bought a shiny chain mail for 165 gold pieces
  8281 | D:9      | Reached skill level 5 in Dodging
  8286 | D:9      | Reached ***** piety under Trog
  8468 | D:9      | Got a transparent quarterstaff
  8500 | D:9      | Reached XP level 10. HP: 92/92 MP: 9/9
  8619 | D:9      | Reached skill level 6 in Armour
  8632 | D:9      | Reached skill level 13 in Polearms
  8653 | D:9      | Reached skill level 10 in Fighting
  8688 | D:9      | Received a gift from Trog
  9004 | D:9      | Found a staircase to the Orcish Mines.
  9165 | D:10     | Entered Level 10 of the Dungeon
  9248 | D:10     | Reached skill level 6 in Dodging
  9290 | D:10     | Reached skill level 7 in Armour
  9317 | D:10     | Noticed a three-headed hydra
  9326 | D:10     | Killed a three-headed hydra
  9326 | D:10     | Reached skill level 14 in Polearms
  9857 | D:10     | Found Feneil's Armour Emporium.
 10189 | D:11     | Reached XP level 11. HP: 96/101 MP: 10/10
 10201 | D:11     | Found a flagged portal.
 10207 | Bailey   | Entered a bailey
 10308 | Bailey   | Reached skill level 7 in Dodging
 10975 | Bailey   | Reached skill level 11 in Fighting
 11148 | Bailey   | Reached skill level 8 in Armour
 11157 | Bailey   | Received a gift from Trog
 11213 | Bailey   | HP: 24/102 [orc warrior/glaive (15)]
 11517 | Bailey   | Got a steaming bardiche
 11745 | D:11     | Identified the +6 bardiche "Icwylot" {pain, Fragile rC+++ Int+2 Dex+4} (You found it in a bailey)
 11767 | D:11     | Found a staircase to the Lair.
 11944 | D:11     | Found a stormy altar of Qazlal.
 12303 | D:11     | Reached skill level 15 in Polearms
 12668 | Lair:1   | Entered Level 1 of the Lair of Beasts
 12694 | Lair:1   | Reached skill level 8 in Dodging
 12820 | Lair:1   | Reached skill level 12 in Fighting
 13077 | Lair:1   | Found a dark tunnel.
 13082 | Volcano  | Entered a volcano
 13090 | Volcano  | Reached skill level 9 in Armour
 13314 | Volcano  | Noticed a skeletal warrior
 13320 | Volcano  | Killed a skeletal warrior
 13350 | Volcano  | Reached XP level 12. HP: 89/113 MP: 11/11
 13380 | Volcano  | HP: 27/113 [skeletal warrior/great sword of flaming (6)]
 14052 | Lair:2   | Reached skill level 13 in Fighting
 14106 | Lair:2   | Reached skill level 16 in Polearms
 14290 | Lair:2   | Noticed a death yak
 14293 | Lair:2   | Noticed a death yak
 14293 | Lair:2   | Noticed a death yak
 14293 | Lair:2   | Noticed a death yak
 14293 | Lair:2   | Noticed a death yak
 14304 | Lair:2   | Killed a death yak
 14304 | Lair:2   | Reached skill level 9 in Dodging
 14308 | Lair:2   | Killed a death yak
 14317 | Lair:2   | Killed a death yak
 14317 | Lair:2   | Reached skill level 10 in Armour
 14331 | Lair:2   | Killed a death yak
 14332 | Lair:2   | Killed a death yak
 14559 | Lair:2   | Found a deep blue altar of Sif Muna.
 14628 | Lair:2   | Got a jewelled mace
 15170 | Lair:3   | Found a hole to the Spider Nest.
 15201 | Lair:3   | Reached skill level 14 in Fighting
 15477 | Lair:3   | Noticed a six-headed hydra
 15499 | Lair:3   | Noticed Sonja
 15514 | Lair:3   | Killed a six-headed hydra
 15874 | Lair:3   | Killed Sonja
 15874 | Lair:3   | Reached skill level 17 in Polearms
 15886 | Lair:3   | Noticed a four-headed hydra
 15898 | Lair:3   | Killed a five-headed hydra
 15898 | Lair:3   | Reached XP level 13. HP: 87/125 MP: 12/12
 15997 | Lair:3   | Found a staircase to the Swamp.
 16152 | Lair:3   | Reached skill level 10 in Dodging
 16201 | Lair:3   | Reached ****** piety under Trog
 16247 | Lair:3   | Received a gift from Trog
 16400 | Lair:3   | Reached skill level 11 in Armour
 16815 | Lair:4   | Noticed an entropy weaver
 16823 | Lair:4   | Reached skill level 15 in Fighting
 16827 | Lair:4   | Killed an entropy weaver
 16851 | Lair:4   | Noticed an entropy weaver
 16927 | Lair:4   | HP: 26/127 [entropy weaver (9)]
 16928 | Lair:4   | HP: 12/127 [entropy weaver (4)]
 16933 | Lair:4   | HP: 21/127 [entropy weaver (5)]
 16933 | Lair:4   | HP: 9/127 [entropy weaver (12)]
 16934 | Lair:4   | Slain by an entropy weaver

Vault maps used:
D:1:      minmay_arrival_nine_rooms
D:2:      overflow_temple_1_default, first_ration, hex_medium, tgw_kikubaaqudgha
D:3:      kennysheep_slugbush, okawaru_gym_becter
D:4:      minitemple, minmay_temple_entry_statues_pillars
D:5:      serial_shops, nicolae_shop_statue_plus
D:6:      nicolae_ru_sacrificial_ziggurat
D:8:      serial_shops, kennysheep_mini
D:9:      hiddenorc1_lemuel
D:10:     serial_shops, nicolae_shop_behind_doors, hangedman_ranch,
          grunt_ministairs_15
D:11:     lair_entry_dummy, enter_bailey_3, nicolae_qazlal_general_emergency
Lair:1:   enter_volcano_4, grunt_megastairs_4
Lair:2:   basic_altar, minmay_holes, grunt_forest_small_clearing_treed
Lair:3:   minmay_swamp_entry_reptiles, nicolae_spider_entry_tight_spaces,
          uniq_sonja
Lair:4:   minmay_another_anthill
Bailey:   bailey_polearm_flooded_kennysheep, bailey
Volcano:  volcano_tomb

Skill      XL: |  1  2  3  4  5  6  7  8  9 10 11 12 13 |
---------------+----------------------------------------+-----
Polearms       | 4 5 7 8 9 11 12 14 15 17 | 17.6
Fighting       | 4 5 6 7 8 9 10 12 14 15 | 15.2
Armour         | 3 5 7 9 10 11 | 11.4
Dodging        | 3 5 6 8 9 10 | 10.5

Action                   |  1- 3 |  4- 6 |  7- 9 | 10-12 | 13-15 || total
-------------------------+-------+-------+-------+-------+-------++-------
Melee: Spear             |    76 |   130 |       |       |       ||   206
       Headbutt          |     9 |    31 |    60 |   126 |    39 ||   265
       Halberd           |       |    65 |   325 |   265 |       ||   655
       Falchion          |       |       |       |     4 |       ||     4
       Glaive            |       |       |       |   455 |   198 ||   653
       Trident           |       |       |       |    45 |     6 ||    51
Invok: Berserk           |     1 |     2 |       |     1 |       ||     4
       Trog's Hand       |       |     1 |       |       |     1 ||     2
       Brothers in Arms  |       |       |       |     2 |       ||     2
Evoke: Wand              |       |       |       |     2 |     1 ||     3
  Use: Scroll            |       |       |    18 |     4 |     1 ||    23
       Potion            |       |       |       |       |     1 ||     1
 Stab: Distracted        |       |       |       |       |     1 ||     1
  Eat: Chunk             |     1 |    14 |    12 |    19 |     4 ||    50
       Ration            |       |       |       |     2 |       ||     2
Armor: Animal skin       |     1 |       |       |       |       ||     1
       Chain mail        |    19 |    68 |   180 |   337 |    94 ||   698
Dodge: Dodged            |    21 |    54 |   133 |   423 |   161 ||   792
       Rpst.: Falchion   |       |       |       |     1 |       ||     1

Table legend:
 A = Spawn XP
 B = Non-spawn XP
 C = Spawn XP percentage of total XP
 D = Spawn monster count
 E = Non-spawn monster count
 F = Spawn count percentage of total count
 G = Total turns spent on level
                    A         B        C        D         E        F      G
               +---------+---------+-------+---------+---------+-------+---------
         Total |       0 |   48839 |   0.0 |       0 |     464 |   0.0 | 16934
               +---------+---------+-------+---------+---------+-------+---------
           D:1 |       0 |      37 |   0.0 |       0 |      18 |   0.0 |   966
           D:2 |       0 |      68 |   0.0 |       0 |      15 |   0.0 |  1055
           D:3 |       0 |     217 |   0.0 |       0 |      31 |   0.0 |  1442
           D:4 |       0 |     213 |   0.0 |       0 |      12 |   0.0 |   931
           D:5 |       0 |     548 |   0.0 |       0 |      27 |   0.0 |   928
           D:6 |       0 |    1083 |   0.0 |       0 |      25 |   0.0 |   642
           D:7 |       0 |    1450 |   0.0 |       0 |      31 |   0.0 |  1357
           D:8 |       0 |    1116 |   0.0 |       0 |      17 |   0.0 |   946
           D:9 |       0 |    2626 |   0.0 |       0 |      50 |   0.0 |   923
          D:10 |       0 |    3280 |   0.0 |       0 |      26 |   0.0 |   969
          D:11 |       0 |    4303 |   0.0 |       0 |      46 |   0.0 |   972
        Lair:1 |       0 |    1641 |   0.0 |       0 |      13 |   0.0 |   705
        Lair:2 |       0 |    7901 |   0.0 |       0 |      24 |   0.0 |  1304
        Lair:3 |       0 |   10441 |   0.0 |       0 |      38 |   0.0 |  1348
        Lair:4 |       0 |    7240 |   0.0 |       0 |      39 |   0.0 |   293
        Bailey |       0 |    2276 |   0.0 |       0 |      39 |   0.0 |  1537
       Volcano |       0 |    4399 |   0.0 |       0 |      13 |   0.0 |   616
               +---------+---------+-------+---------+---------+-------+---------

Vault maps used:
D:1:      minmay_arrival_nine_rooms
D:2:      overflow_temple_1_default, first_ration, hex_medium, tgw_kikubaaqudgha
D:3:      kennysheep_slugbush, okawaru_gym_becter
D:4:      minitemple, minmay_temple_entry_statues_pillars
D:5:      serial_shops, nicolae_shop_statue_plus
D:6:      nicolae_ru_sacrificial_ziggurat
D:8:      serial_shops, kennysheep_mini
D:9:      hiddenorc1_lemuel
D:10:     serial_shops, nicolae_shop_behind_doors, hangedman_ranch,
          grunt_ministairs_15
D:11:     lair_entry_dummy, enter_bailey_3, nicolae_qazlal_general_emergency
Lair:1:   enter_volcano_4, grunt_megastairs_4
Lair:2:   basic_altar, minmay_holes, grunt_forest_small_clearing_treed
Lair:3:   minmay_swamp_entry_reptiles, nicolae_spider_entry_tight_spaces,
          uniq_sonja
Lair:4:   minmay_another_anthill
Bailey:   bailey_polearm_flooded_kennysheep, bailey
Volcano:  volcano_tomb

Table legend:
 A = Turns spent in this place as a percentage of turns spent in the entire game.
 B = Non-inter-level travel turns spent in this place as a percentage of non-inter-level travel turns spent in the entire game.
 C = Inter-level travel turns spent in this place as a percentage of turns spent in this place.
 D = Turns resting spent in this place as a percentage of non-inter-level travel turns spent in this place.
 E = Turns spent auto-exploring this place as a percentage of non-inter-level travel turns spent in this place.
 F = Non-inter-level travel turns spent in this place divided by the number of levels of this place that you've seen.
                   A       B       C       D       E      F
               +-------+-------+-------+-------+-------+----------------------
         Total | 100.0 | 100.0 |   3.0 |  29.0 |  51.4 | 965.8
       Dungeon |  65.7 |  65.0 |   4.1 |  24.5 |  58.7 | 970.5
          Lair |  21.6 |  21.9 |   1.6 |  27.5 |  52.7 | 897.5
        Bailey |   9.1 |   9.4 |   0.0 |  53.0 |  17.8 | 1537.0
       Volcano |   3.6 |   3.8 |   0.0 |  57.1 |   0.0 | 616.0
               +-------+-------+-------+-------+-------+----------------------

Table legend:
 A = Kills in this place as a percentage of kills in entire the game.
 B = Kills by you in this place as a percentage of kills by you in the entire game.
 C = Kills by friends in this place as a percentage of kills by friends in the entire game.
 D = Other kills in this place as a percentage of other kills in the entire game.
 E = Experience gained in this place as a percentage of experience gained in the entire game.
 F = Experience gained in this place divided by the number of levels of this place that you have seen.
                   A       B       C       D       E      F
               +-------+-------+-------+-------+-------+----------------------
         Total | 100.0 | 100.0 | 100.0 |   N/A | 100.0 | 2872.9
       Dungeon |  64.2 |  64.9 |   0.0 |   N/A |  30.6 | 1358.3
          Lair |  24.6 |  23.7 | 100.0 |   N/A |  55.7 | 6805.8
        Bailey |   8.4 |   8.5 |   0.0 |   N/A |   4.7 | 2276.0
       Volcano |   2.8 |   2.8 |   0.0 |   N/A |   9.0 | 4399.0
               +-------+-------+-------+-------+-------+----------------------
